[Event "8th Edmonton International"]
[Site "Edmonton Canada"]
[Date "2013.06.26"]
[Round "4"]
[White "Hansen, Eric"]
[Black "Haessel, Dale"]
[Result "1-0"]
[ECO "D46"]
[WhiteElo "2577"]
[BlackElo "2171"]
[PlyCount "53"]
[EventDate "2013.06.23"]
[EventType "tourn"]
[EventRounds "9"]
[EventCountry "CAN"]
[TimeControl "5100"]

1. d4 d5 2. c4 c6 3. Nf3 Nf6 4. e3 e6 5. Bd3 Nbd7 6. O-O Bd6 7. Nc3 O-O 8. Qc2
h6 9. b3 e5 10. cxd5 cxd5 11. Nb5 Bb8 12. dxe5 Ng4 13. Ba3 Ndxe5 14. Nxe5 Bxe5
15. h3 Bxa1 16. Rxa1 Ne5 17. Bxf8 Nxd3 18. Qxd3 Kxf8 19. Rd1 Be6 20. e4 a6 21.
Nc3 d4 22. Ne2 Qa5 23. Nxd4 Bd7 24. Rc1 Qxa2 25. Rc7 Bb5 26. Ne6+ Kg8 27. Qc3
1-0

[Event "8th Edmonton International"]
[Site "Edmonton Canada"]
[Date "2013.06.27"]
[Round "5"]
[White "Bruzon, Lazaro"]
[Black "Hansen, Eric"]
[Result "1-0"]
[ECO "E05"]
[WhiteElo "2687"]
[BlackElo "2577"]
[PlyCount "65"]
[EventDate "2013.06.23"]
[EventType "tourn"]
[EventRounds "9"]
[EventCountry "CAN"]
[TimeControl "5400"]

1. c4 Nf6 2. Nf3 e6 3. g3 d5 4. Bg2 Be7 5. d4 O-O 6. O-O dxc4 7. Qc2 a6 8. Qxc4
b5 9. Qc2 Bb7 10. Bd2 Bd6 11. Re1 Be4 12. Qc1 Bb7 13. a3 Qc8 14. Bf4 Nbd7 15.
Nc3 Bxf4 16. Qxf4 c5 17. Rac1 Qb8 18. dxc5 Nxc5 19. Qxb8 Raxb8 20. Nd4 Bxg2 21.
Kxg2 Rbc8 22. Na2 Rfd8 23. Red1 Nd5 24. b4 Na4 25. Nc6 Re8 26. Rxd5 Rxc6 27.
Rxc6 exd5 28. Rxa6 g5 29. Nc1 Nc3 30. e3 Rc8 31. Nb3 Ne4 32. Nd4 g4 33. Rb6 1-0

[Event "8th Edmonton International"]
[Site "Edmonton Canada"]
[Date "2013.06.27"]
[Round "5"]
[White "Doroshenko, Maxim"]
[Black "Short, Nigel"]
[Result "0-1"]
[ECO "D02"]
[WhiteElo "2336"]
[BlackElo "2682"]
[PlyCount "144"]
[EventDate "2013.06.23"]
[EventType "tourn"]
[EventRounds "9"]
[EventCountry "CAN"]
[TimeControl "5400"]

1. Nf3 d5 2. d4 Bg4 3. e3 e6 4. c4 c6 5. Nc3 Nd7 6. h3 Bh5 7. Be2 Ngf6 8. O-O
Bd6 9. b3 O-O 10. Bb2 Qb8 11. Nh4 Bxe2 12. Qxe2 Re8 13. Rad1 a5 14. Nf3 h6 15.
e4 Nxe4 16. Nxe4 dxe4 17. Qxe4 a4 18. Rfe1 axb3 19. axb3 Qd8 20. Qc2 Bb4 21.
Re3 Qc7 22. Ne5 Nxe5 23. dxe5 Red8 24. Red3 Rxd3 25. Qxd3 Bc5 26. Rd2 Qb6 27.
g4 Be7 28. Bd4 Qa5 29. Qe3 Qb4 30. Qc3 g5 31. Qxb4 Bxb4 32. Re2 Ra3 33. Re3 c5
34. Bb2 Ra2 35. Bc3 Ba3 36. Rd3 Rc2 37. Kg2 b6 38. Kf3 Bc1 39. Kg2 Bf4 40. Kf3
Rc1 41. Ke4 Rb1 42. Rd8+ Kg7 43. Rb8 Rxb3 44. Ba5 Rxh3 45. Bxb6 Rc3 46. Bxc5
Rxc4+ 47. Bd4 Rc1 48. Rb5 Kg6 49. Kf3 Re1 50. Ra5 h5 51. gxh5+ Kxh5 52. Rb5 Kg6
53. Ra5 Kf5 54. Ra7 g4+ 55. Kg2 Kg6 56. Ra5 Rd1 57. Bc3 Rd3 58. Bb2 g3 59. fxg3
Rxg3+ 60. Kf2 Rd3 61. Rb5 Rd5 62. Rxd5 exd5 63. Kf3 Kf5 64. Bd4 Bxe5 65. Bf2 d4
66. Bh4 Bf4 67. Bd8 Bh6 68. Bb6 Ke5 69. Ba5 Kd5 70. Bb6 f5 71. Ba7 d3 72. Bb6
Kc4 0-1

[Event "8th Edmonton International"]
[Site "Edmonton Canada"]
[Date "2013.06.27"]
[Round "5"]
[White "Gardner, Robert"]
[Black "Mikhalevski, Victor"]
[Result "1/2-1/2"]
[ECO "D91"]
[WhiteElo "2213"]
[BlackElo "2551"]
[PlyCount "127"]
[EventDate "2013.06.23"]
[EventType "tourn"]
[EventRounds "9"]
[EventCountry "CAN"]
[TimeControl "5400"]

1. d4 Nf6 2. c4 g6 3. Nc3 d5 4. Nf3 Bg7 5. Bg5 Ne4 6. Bh4 c6 7. e3 Qa5 8. Qb3
dxc4 9. Bxc4 Nd6 10. O-O Nxc4 11. Qxc4 Be6 12. Qd3 h6 13. a3 Nd7 14. b4 Qh5 15.
e4 Bg4 16. Bg3 Bxf3 17. gxf3 Rd8 18. Qe3 O-O 19. Rac1 Nb6 20. Ne2 Qh3 21. Rfd1
Kh7 22. Nf4 Qd7 23. d5 Qe8 24. Qb3 Rc8 25. a4 cxd5 26. Rxc8 Qxc8 27. a5 Nc4 28.
Nxd5 Nb2 29. Rb1 Qc4 30. Qxc4 Nxc4 31. Rc1 Nd2 32. Kg2 f5 33. Rc2 Nb3 34. Rc7
g5 35. exf5 Rxf5 36. Nxe7 Rb5 37. Bd6 a6 38. Nc8 Kg6 39. Na7 Rd5 40. Bg3 h5 41.
Rxb7 h4 42. Nc6 Bf6 43. Be5 Rd1 44. Bxf6 Kxf6 45. Rb6 Nc1 46. b5 axb5 47. a6
Nd3 48. Nb4+ Kf7 49. Nxd3 Rxd3 50. Rxb5 Ra3 51. Rb7+ Kg6 52. a7 Ra1 53. f4 g4
54. h3 gxh3+ 55. Kxh3 Kh5 56. Rg7 Ra3+ 57. Kg2 Kh6 58. Rb7 Kg6 59. f3 Kf5 60.
Kh3 Rxf3+ 61. Kxh4 Rxf4+ 62. Kh5 Ra4 63. Kh6 Kf6 64. Rb6+ 1/2-1/2

[Event "8th Edmonton International"]
[Site "Edmonton Canada"]
[Date "2013.06.27"]
[Round "5"]
[White "Wang, Richard"]
[Black "Perez Garcia, Rodney"]
[Result "1/2-1/2"]
[ECO "D11"]
[WhiteElo "2371"]
[BlackElo "2364"]
[PlyCount "73"]
[EventDate "2013.06.23"]
[EventType "tourn"]
[EventRounds "9"]
[EventCountry "CAN"]
[TimeControl "5400"]

1. d4 d5 2. c4 c6 3. Nf3 Nf6 4. e3 a6 5. Bd3 Bg4 6. Nbd2 e6 7. O-O Nbd7 8. Qc2
Bd6 9. b3 O-O 10. Bb2 Qb8 11. h3 Bh5 12. Ng5 h6 13. Ngf3 Bxf3 14. Nxf3 e5 15.
cxd5 cxd5 16. dxe5 Rc8 17. Bh7+ Nxh7 18. Qf5 Rd8 19. exd6 Qxd6 20. Rfd1 Nhf6
21. Rac1 Re8 22. Rc2 Re4 23. Bxf6 Nxf6 24. Rc8+ Re8 25. Rxa8 Rxa8 26. Ne5 Rd8
27. Rd4 Qe6 28. Qxe6 fxe6 29. Rb4 Nd7 30. Nd3 b6 31. Ra4 a5 32. b4 axb4 33.
Nxb4 Nc5 34. Ra7 d4 35. exd4 Rxd4 36. Nc6 Ra4 37. Rxa4 1/2-1/2

[Event "8th Edmonton International"]
[Site "Edmonton Canada"]
[Date "2013.06.28"]
[Round "6"]
[White "Hansen, Eric"]
[Black "Wang, Richard"]
[Result "1/2-1/2"]
[ECO "D11"]
[WhiteElo "2577"]
[BlackElo "2371"]
[PlyCount "72"]
[EventDate "2013.06.23"]
[EventType "tourn"]
[EventRounds "9"]
[EventCountry "CAN"]
[TimeControl "5400"]

1. d4 d5 2. c4 c6 3. Nf3 Nf6 4. e3 Bg4 5. h3 Bxf3 6. Qxf3 Nbd7 7. Nc3 e6 8. Bd3
Bb4 9. O-O O-O 10. Qd1 dxc4 11. Bxc4 c5 12. Qb3 cxd4 13. exd4 Qa5 14. a3 Bxc3
15. bxc3 Rac8 16. Bd2 Ne4 17. Be1 Qb6 18. Rc1 Nd6 19. Qxb6 Nxb6 20. Bd3 Nbc4
21. a4 Rc6 22. Rb1 Rfc8 23. f3 Nb6 24. Be4 Nd5 25. Bxd5 exd5 26. Bg3 b6 27.
Bxd6 Rxd6 28. Rfe1 Kf8 29. Rb3 Re6 30. Kf2 Ke7 31. a5 bxa5 32. Rb7+ Kf6 33. Ra1
Ra6 34. Rb5 Rxc3 35. Rbxa5 Rc2+ 36. Kg3 Rxa5 1/2-1/2

[Event "8th Edmonton International"]
[Site "Edmonton Canada"]
[Date "2013.06.28"]
[Round "6"]
[White "Mikhalevski, Victor"]
[Black "Haessel, Dale"]
[Result "1-0"]
[ECO "A34"]
[WhiteElo "2551"]
[BlackElo "2171"]
[PlyCount "59"]
[EventDate "2013.06.23"]
[EventType "tourn"]
[EventRounds "9"]
[EventCountry "CAN"]
[TimeControl "5400"]

1. Nf3 Nf6 2. c4 c5 3. g3 d5 4. Bg2 Nc6 5. cxd5 Nxd5 6. Nc3 g6 7. O-O Bg7 8.
Nxd5 Qxd5 9. d3 Qd6 10. Be3 Rb8 11. Nd2 O-O 12. Nc4 Qc7 13. Bxc5 b5 14. Ne3
Bxb2 15. Rb1 Bg7 16. Rc1 Bb7 17. Bxa7 Ra8 18. Nd5 Qd8 19. Bc5 Rxa2 20. Nxe7+
Nxe7 21. Bxb7 Qd7 22. Bf3 Rc8 23. Qb3 Rb2 24. Qa3 Nc6 25. Kg2 Qe6 26. d4 Ra2
27. d5 Rxa3 28. dxe6 Ra6 29. Bd5 f5 30. e7+ 1-0

[Event "8th Edmonton International"]
[Site "Edmonton Canada"]
[Date "2013.06.28"]
[Round "6"]
[White "Short, Nigel"]
[Black "Perez Garcia, Rodney"]
[Result "1-0"]
[ECO "C10"]
[WhiteElo "2682"]
[BlackElo "2364"]
[PlyCount "81"]
[EventDate "2013.06.23"]
[EventType "tourn"]
[EventRounds "9"]
[EventCountry "CAN"]
[TimeControl "5400"]

1. e4 e6 2. d4 d5 3. Nc3 dxe4 4. Nxe4 Nd7 5. Nf3 Ngf6 6. Bd3 c5 7. Be3 Nxe4 8.
Bxe4 Nf6 9. Bd3 Qc7 10. Ne5 a6 11. c3 Bd6 12. Qa4+ Nd7 13. O-O O-O 14. f4 b5
15. Qc2 f5 16. Nxd7 Bxd7 17. dxc5 Bxc5 18. Qf2 Bd6 19. Bb6 Qb7 20. Bd4 Rfe8 21.
Rae1 Bc6 22. Re3 Bd5 23. Rfe1 Rec8 24. Rh3 Qf7 25. a3 Rc7 26. Qh4 g6 27. Qf2
Rac8 28. Rhe3 Bc5 29. Bxc5 Rxc5 30. h4 h5 31. Be2 Kh7 32. Re5 R5c7 33. Bf3 Bc4
34. Qb6 Qe7 35. g3 Ra7 36. Be2 Bd5 37. Bxh5 Qc5+ 38. Qxc5 Rxc5 39. Bf3 Kg7 40.
Kf2 Kf7 41. Bxd5 1-0

[Event "8th Edmonton International"]
[Site "Edmonton Canada"]
[Date "2013.06.29"]
[Round "7"]
[White "Bruzon, Lazaro"]
[Black "Mikhalevski, Victor"]
[Result "1-0"]
[ECO "C83"]
[WhiteElo "2687"]
[BlackElo "2551"]
[PlyCount "73"]
[EventDate "2013.06.23"]
[EventType "tourn"]
[EventRounds "9"]
[EventCountry "CAN"]
[TimeControl "5400"]

1. e4 e5 2. Nf3 Nc6 3. Bb5 a6 4. Ba4 Nf6 5. O-O Nxe4 6. d4 b5 7. Bb3 d5 8. dxe5
Be6 9. Nbd2 Nc5 10. c3 Be7 11. Bc2 d4 12. Nb3 d3 13. Bb1 Nxb3 14. axb3 Bf5 15.
Re1 O-O 16. Be3 Bg6 17. Bd4 Nxd4 18. cxd4 Bb4 19. Re3 d2 20. Bxg6 fxg6 21. Rd3
Rf4 22. d5 Re4 23. Rxd2 Bxd2 24. Qxd2 Qc8 25. d6 Qb7 26. dxc7 h6 27. Rc1 Kh7
28. Qd7 Rc8 29. h4 Rf4 30. e6 Rff8 31. Rc6 Rf4 32. h5 Rf6 33. hxg6+ Rxg6 34.
Ne5 Rf6 35. e7 Rxc6 36. Nxc6 Qa8 37. Qf5+ 1-0

[Event "8th Edmonton International"]
[Site "Edmonton Canada"]
[Date "2013.06.29"]
[Round "7"]
[White "Gardner, Robert"]
[Black "Short, Nigel"]
[Result "0-1"]
[ECO "E44"]
[WhiteElo "2213"]
[BlackElo "2682"]
[PlyCount "78"]
[EventDate "2013.06.23"]
[EventType "tourn"]
[EventRounds "9"]
[EventCountry "CAN"]
[TimeControl "5400"]

1. d4 Nf6 2. c4 e6 3. Nc3 Bb4 4. e3 b6 5. Nge2 Ne4 6. Bd2 Nxd2 7. Qxd2 Nc6 8.
a3 Be7 9. Nf4 Bb7 10. Bd3 e5 11. dxe5 Nxe5 12. Be2 O-O 13. O-O Re8 14. Nfd5 Bf8
15. f4 Ng6 16. e4 d6 17. Rae1 a6 18. Bd3 c6 19. Ne3 b5 20. Nf5 Ne7 21. Nxe7+
Bxe7 22. cxb5 axb5 23. Bb1 Qb6+ 24. Kh1 b4 25. axb4 Qxb4 26. Qc2 g6 27. f5 Ba6
28. fxg6 hxg6 29. Rf3 Bc4 30. e5 Bf8 31. Re4 Rxe5 32. h4 Rxe4 33. Qxe4 d5 34.
Qf4 Qe7 35. h5 Bg7 36. g3 gxh5 37. Qf5 d4 38. Qh7+ Kf8 39. Ne4 Ra1 0-1

[Event "8th Edmonton International"]
[Site "Edmonton Canada"]
[Date "2013.06.29"]
[Round "7"]
[White "Haessel, Dale"]
[Black "Doroshenko, Maxim"]
[Result "1/2-1/2"]
[ECO "A17"]
[WhiteElo "2171"]
[BlackElo "2336"]
[PlyCount "75"]
[EventDate "2013.06.23"]
[EventType "tourn"]
[EventRounds "9"]
[EventCountry "CAN"]
[TimeControl "5400"]

1. Nf3 Nf6 2. c4 e6 3. Nc3 Bb4 4. Qc2 O-O 5. a3 Bxc3 6. Qxc3 b6 7. g3 Bb7 8.
Bg2 d6 9. O-O Nbd7 10. b4 Qe7 11. Bb2 c5 12. d4 Rac8 13. dxc5 bxc5 14. Rfd1 Nb6
15. Qb3 cxb4 16. axb4 Bxf3 17. Bxf3 Rxc4 18. b5 Qc7 19. Bc6 d5 20. Ra6 Nfd7 21.
Qa2 Rc2 22. Qa1 Rxb2 23. Qxb2 Nb8 24. Ra2 a5 25. Qd4 Nxc6 26. bxc6 Qxc6 27.
Rxa5 Nc4 28. Ra7 Nd6 29. Qb4 h5 30. Rda1 Ne4 31. f3 Nf6 32. Rb7 Qc2 33. Kf2 Qf5
34. Raa7 e5 35. Rc7 e4 36. Kg2 h4 37. g4 Qf4 38. Qa3 1/2-1/2

[Event "8th Edmonton International"]
[Site "Edmonton Canada"]
[Date "2013.06.30"]
[Round "8"]
[White "Doroshenko, Maxim"]
[Black "Bruzon, Lazaro"]
[Result "0-1"]
[ECO "A62"]
[WhiteElo "2336"]
[BlackElo "2687"]
[PlyCount "92"]
[EventDate "2013.06.23"]
[EventType "tourn"]
[EventRounds "9"]
[EventCountry "CAN"]
[TimeControl "5400"]

1. d4 Nf6 2. c4 e6 3. Nf3 c5 4. d5 d6 5. Nc3 exd5 6. cxd5 a6 7. a4 g6 8. g3 Bg7
9. Bg2 O-O 10. O-O Re8 11. Bf4 h6 12. Qc1 g5 13. Bd2 Bf5 14. h4 g4 15. Ne1 h5
16. Bg5 Bg6 17. Qf4 Qe7 18. f3 Nbd7 19. fxg4 hxg4 20. Nd3 Rac8 21. h5 Nxh5 22.
Qxg4 Bd4+ 23. Kh2 Ne5 24. Qh4 f6 25. Nxe5 Bxe5 26. Bf4 Kg7 27. Bxe5 Qxe5 28.
Bh3 Rh8 29. Kg2 Rce8 30. Be6 Rh6 31. Rh1 Reh8 32. Qg4 f5 33. Qg5 Nf6 34. Rxh6
Rxh6 35. e4 Rh5 36. Qf4 fxe4 37. Qxe5 Rxe5 38. Re1 b6 39. a5 bxa5 40. Ra1 e3
41. Kf3 Bd3 42. g4 e2 43. Re1 Ne4 44. Bf5 Nd2+ 45. Kf2 Bxf5 46. gxf5 Ne4+ 0-1

[Event "8th Edmonton International"]
[Site "Edmonton Canada"]
[Date "2013.06.30"]
[Round "8"]
[White "Gardner, Robert"]
[Black "Haessel, Dale"]
[Result "0-1"]
[ECO "D91"]
[WhiteElo "2213"]
[BlackElo "2171"]
[PlyCount "44"]
[EventDate "2013.06.23"]
[EventType "tourn"]
[EventRounds "9"]
[EventCountry "CAN"]
[TimeControl "5400"]

1. d4 Nf6 2. c4 g6 3. Nc3 d5 4. Nf3 Bg7 5. Bg5 Ne4 6. Bh4 Nxc3 7. bxc3 dxc4 8.
Qa4+ Qd7 9. Qxc4 b6 10. e3 Ba6 11. Qb3 Bxf1 12. Kxf1 c5 13. d5 O-O 14. Ke2 c4
15. Qa3 e5 16. Qe7 Qxd5 17. Rad1 Qa5 18. Rd6 Na6 19. Rhd1 Nc5 20. Nxe5 Rae8 21.
Nc6 Rxe7 22. Bxe7 Qxc3 0-1

[Event "8th Edmonton International"]
[Site "Edmonton Canada"]
[Date "2013.06.30"]
[Round "8"]
[White "Mikhalevski, Victor"]
[Black "Wang, Richard"]
[Result "1/2-1/2"]
[ECO "A31"]
[WhiteElo "2551"]
[BlackElo "2371"]
[PlyCount "137"]
[EventDate "2013.06.23"]
[EventType "tourn"]
[EventRounds "9"]
[EventCountry "CAN"]
[TimeControl "5400"]

1. c4 c5 2. Nf3 Nc6 3. d4 cxd4 4. Nxd4 Qb6 5. Nb3 e6 6. a3 Nf6 7. Nc3 Be7 8. e4
O-O 9. Be3 Qc7 10. f4 d6 11. Be2 b6 12. O-O Ba6 13. Rc1 Rac8 14. Nd2 Nb8 15.
Nb5 Bxb5 16. cxb5 Qb7 17. Qa4 e5 18. Bf3 Nbd7 19. b4 exf4 20. e5 Nd5 21. Bxf4
dxe5 22. Rxc8 Qxc8 23. Bxd5 exf4 24. Qxa7 Bc5+ 25. Kh1 Be3 26. Nc4 Nf6 27.
Bxf7+ Kh8 28. Qe7 Qd8 29. Qxd8 Rxd8 30. g3 g5 31. Nxe3 fxe3 32. Bc4 Kg7 33. Re1
Rd4 34. Bf1 Nd5 35. Kg1 Kf6 36. Bg2 Nc3 37. Rxe3 Nxb5 38. Bf1 Nd6 39. Bd3 h5
40. Kf2 Nc4 41. Rf3+ Ke6 42. Bf5+ Kd6 43. Rd3 Rxd3 44. Bxd3 Nxa3 45. Bg6 b5 46.
Ke3 Ke5 47. Kd3 h4 48. Bf7 Kf6 49. Ba2 Ke5 50. Kc3 Kd6 51. Bg8 Ke5 52. Bb3 Nb1+
53. Kc2 Na3+ 54. Kd3 Nb1 55. Bf7 Na3 56. Be8 Kd5 57. Kc3 Ke5 58. Kb3 Nc4 59.
Bxb5 hxg3 60. hxg3 Nd2+ 61. Ka4 g4 62. Ka5 Ne4 63. Bd3 Nxg3 64. b5 Nf5 65. Be2
Nd6 66. b6 g3 67. Bf3 Nc4+ 68. Kb5 Nxb6 69. Kxb6 1/2-1/2

[Event "8th Edmonton International"]
[Site "Edmonton Canada"]
[Date "2013.06.30"]
[Round "8"]
[White "Short, Nigel"]
[Black "Hansen, Eric"]
[Result "1-0"]
[ECO "C77"]
[WhiteElo "2682"]
[BlackElo "2577"]
[PlyCount "53"]
[EventDate "2013.06.23"]
[EventType "tourn"]
[EventRounds "9"]
[EventCountry "CAN"]
[TimeControl "5400"]

1. e4 e5 2. Nf3 Nc6 3. Bb5 a6 4. Ba4 Nf6 5. Nc3 b5 6. Bb3 Bc5 7. d3 d6 8. a4
Bg4 9. axb5 axb5 10. Rxa8 Qxa8 11. Nxb5 Qa5+ 12. Nc3 Nd4 13. Bd2 Bb4 14. h3
Bxf3 15. gxf3 O-O 16. Kf1 Nh5 17. Rg1 Kh8 18. Bc4 c6 19. f4 exf4 20. Nb1 Bxd2
21. Nxd2 f3 22. Nxf3 Ne6 23. Bxe6 Nf4 24. Bb3 Qh5 25. Ke1 Ra8 26. Rg4 Qxh3 27.
Ng5 1-0

[Event "8th Edmonton International"]
[Site "Edmonton Canada"]
[Date "2013.07.01"]
[Round "9"]
[White "Haessel, Dale"]
[Black "Short, Nigel"]
[Result "1/2-1/2"]
[ECO "A10"]
[WhiteElo "2171"]
[BlackElo "2682"]
[PlyCount "145"]
[EventDate "2013.06.23"]
[EventType "tourn"]
[EventRounds "9"]
[EventCountry "CAN"]
[TimeControl "5400"]

1. Nf3 b6 2. c4 Bb7 3. Nc3 e6 4. g3 Bxf3 5. exf3 c5 6. d4 cxd4 7. Qxd4 Nc6 8.
Qd3 Rc8 9. f4 Qc7 10. Nb5 Qb8 11. Bg2 Nf6 12. O-O a6 13. Nc3 Be7 14. b3 O-O 15.
Bb2 Rfd8 16. Rfd1 Ne8 17. f5 Nd6 18. fxe6 dxe6 19. Qe2 Bf6 20. Ne4 Bxb2 21.
Qxb2 Nf5 22. Qa3 a5 23. Nc3 Ncd4 24. Qb2 h5 25. Rd3 Rc7 26. Rad1 Rcd7 27. Kh1
Qc7 28. Qd2 Rd6 29. Qg5 b5 30. c5 R6d7 31. Ne4 Kf8 32. Qxh5 Rd5 33. Qh8+ Ke7
34. Qh7 Qb8 35. Nd6 Rh8 36. Nxf5+ Nxf5 37. Qxh8 Qxh8 38. Bxd5 exd5 39. Rxd5 Qa8
40. Kg1 g6 41. Rd7+ Ke8 42. Rc7 Qe4 43. Rc8+ Ke7 44. c6 Kf6 45. Rcd8 Qc2 46.
R1d2 Qc1+ 47. Rd1 Qc3 48. R8d3 Qc2 49. R3d2 Qc3 50. Rd3 Qb2 51. R3d2 Qc3 52.
Rd3 Qxc6 53. g4 Qe4 54. gxf5 Qxf5 55. Rd6+ Kg7 56. R6d4 Qc8 57. Kg2 Kh6 58.
R1d3 Qc6+ 59. f3 f5 60. Rd2 Qc3 61. R2d3 Qe1 62. a4 b4 63. Rd8 Qe2+ 64. Kg3
Qe1+ 65. Kg2 Kg5 66. R8d4 Qe2+ 67. Kg1 f4 68. Rd8 Qb2 69. R8d7 Qe2 70. R3d5+
Kh6 71. Rd3 Kg5 72. R3d5+ Kh6 73. Rd3 1/2-1/2

[Event "8th Edmonton International"]
[Site "Edmonton Canada"]
[Date "2013.07.01"]
[Round "9"]
[White "Hansen, Eric"]
[Black "Porper, Edward"]
[Result "1-0"]
[ECO "B12"]
[WhiteElo "2577"]
[BlackElo "2424"]
[PlyCount "45"]
[EventDate "2013.06.23"]
[EventType "tourn"]
[EventRounds "9"]
[EventCountry "CAN"]
[TimeControl "5460"]

1. e4 c6 2. d4 d5 3. e5 Bf5 4. Nf3 e6 5. Be2 Ne7 6. O-O Nd7 7. Nbd2 Bg6 8. Nh4
c5 9. c3 Qb6 10. Nxg6 hxg6 11. Nf3 Nf5 12. Qa4 a6 13. Rd1 c4 14. Qc2 Qc6 15. g3
f6 16. h4 g5 17. hxg5 fxe5 18. dxe5 Qb6 19. Nd4 Bc5 20. Nxf5 exf5 21. Bf3 Qg6
22. Rxd5 O-O-O 23. Bf4 1-0

[Event "8th Edmonton International"]
[Site "Edmonton Canada"]
[Date "2013.07.01"]
[Round "9"]
[White "Perez Garcia, Rodney"]
[Black "Mikhalevski, Victor"]
[Result "1/2-1/2"]
[ECO "B52"]
[WhiteElo "2364"]
[BlackElo "2551"]
[PlyCount "66"]
[EventDate "2013.06.23"]
[EventType "tourn"]
[EventRounds "9"]
[EventCountry "CAN"]
[TimeControl "5160"]

1. e4 c5 2. Nf3 d6 3. Bb5+ Bd7 4. Bxd7+ Qxd7 5. O-O Nc6 6. c3 Nf6 7. Re1 e6 8.
d4 cxd4 9. cxd4 d5 10. e5 Ng8 11. Nbd2 Nge7 12. Nb3 Nf5 13. Bd2 Be7 14. Rc1 O-O
15. g4 Nh6 16. Bxh6 gxh6 17. Nc5 Bxc5 18. Rxc5 f5 19. exf6 Rxf6 20. Ne5 Nxe5
21. Rxe5 Raf8 22. Rc2 Rf4 23. h3 Qe7 24. Qe1 Qh4 25. Rh5 Qf6 26. Re5 Qh4 27.
Rh5 Qf6 28. Re5 Qg6 29. Rce2 Rxg4+ 30. hxg4 Qxg4+ 31. Kf1 Qh3+ 32. Kg1 Qg4+ 33.
Kf1 Qh3+ 1/2-1/2